 Dungeon Crawl Stone Soup version 0.30-a0-263-ge22c4ad894 (webtiles) character file.

Game seed: 2067850035587479427

242 Anon1729 the Trooper (level 5, -28/42 HPs)
             Began as a Mummy Monk on Oct 13, 2022.
             Killed by an exploding butterfly (43 damage)
             ... ignited by their inner flame
             ... on level 1 of the Abyss.
             The game lasted 00:03:02 (1393 turns).

Anon1729 the Trooper (Mummy Monk)                   Turns: 1393, Time: 00:03:02

Health: -28/42     AC:  2    Str: 14    XL:     5   Next: 82%
Magic:  5/5        EV: 13    Int:  9    God:
Gold:   79         SH:  0    Dex: 17    Spells: 4/4 levels left

rFire   x . .      SeeInvis .    j - +11 short sword "Amagosul" {vamp, rC+}
rCold   + + .      Faith    +    (no shield)
rNeg    + + +      Spirit   .    b - +0 robe
rPois   ∞          Reflect  .    (no helmet)
rElec   .          Harm     .    (no cloak)
rCorr   .          Rampage  .    (no gloves)
Will    .....                    (no boots)
Stlth   ++........               (no amulet)
HPRegen 0.27/turn                (no ring)
MPRegen 0.09/turn                (no ring)

@: about to teleport
A: cold resistance 1, negative energy resistance 3, torment resistance 2, heat
vulnerability 1, in touch with death 1, no potions, faith
a: no special abilities


You were on level 1 of the Abyss.
You visited 1 branch of the dungeon, and saw 2 of its levels.
You visited the Abyss 1 time.

You collected 79 gold pieces.

Inventory:

Hand Weapons
 a - a +0 short sword
 c - a +0 dagger of distortion
 j - the +11 short sword "Amagosul" (weapon) {vamp, rC+}
   (You took it off a kobold on level 2 of the Dungeon)

   It occasionally heals its wielder for a portion of the damage dealt when it
   wounds a living foe.
   rC:        It protects you from cold.
Armour
 b - a +0 robe (worn)
Jewellery
 h - an amulet of magic regeneration
Scrolls
 e - a scroll of amnesia


   Skills:
 + Level 4.1 Fighting
 + Level 3.4 Short Blades
 + Level 3.4 Dodging
 + Level 3.0 Stealth


You had 4 spell levels left.
You didn't know any spells.
Your spell library contained the following spells:

 Spells                   Type           Power      Damage    Failure   Level
 Ensorcelled Hibernation  Hex/Ice        0%         N/A       52%         2
 Passwall                 Tmut/Erth      0%         N/A       52%         2
 Swiftness                Air            0%         N/A       77%         3


Dungeon Overview and Level Annotations

Branches:
Dungeon (2/15)

Altars:


Innate Abilities, Weirdness & Mutations

You are immune to poison.
Your flesh is cold resistant. (rC+)
You are immune to negative energy. (rN+++)
You are immune to unholy pain and torment.
You are vulnerable to heat. (rF-)
You are in touch with the powers of death.
You do not drink.
You have a special connection with the divine. (Faith)


Message History

You feel the power of the Abyss delaying your translocation!
It was a scroll of teleportation.
As you read the scroll of butterflies, it crumbles to dust.
You hear the tinkle of a tiny bell.
The starcursed mass touches your butterfly!
Your butterfly dies!
Your butterfly disappears in a burst of colours!
The starcursed mass shrieks in your mind.
As you read the scroll labelled OSIENW YSMOVASED, it crumbles to dust.
The creatures around you are filled with an inner flame!
It was a scroll of immolation.
Okay, then.
You can't drink.
You can't drink.
Unknown command.
You aren't carrying any items that you can evoke.
You hit the starcursed mass but do no damage.
You puncture the starcursed mass!
Flame seeps out of the starcursed mass.
The starcursed mass is lightly damaged.
The starcursed mass is engulfed in blazing flames.
Flame seeps out of the starcursed mass.
The starcursed mass shrieks in your mind.
You puncture the starcursed mass!
Flame seeps out of the starcursed mass.
The starcursed mass is heavily damaged.
The starcursed mass is engulfed in blazing flames.
Flame seeps out of the starcursed mass.
The starcursed mass misses you.
The starcursed mass is engulfed in blazing flames.
Flame seeps out of the starcursed mass.
A starcursed mass splits.
A chorus of shrieks assaults your mind.
The starcursed mass shudders and is absorbed by its neighbour.
The starcursed mass shrieks in your mind.
Your butterfly is engulfed in blazing flames.
Your butterfly disappears in a burst of colours!
Your butterfly explodes!
The fiery explosion engulfs the starcursed mass!!
Flame seeps out of the starcursed mass.
The starcursed mass is almost destroyed.
The fiery explosion engulfs you!!! The fire burns you terribly!
Ouch! That really hurt!
You die...

#.. ## ## # #
## ♣#.~#.## #
. ~#..## #.#
~ ~~# . # .~
.. .# #.# ..~
..## #.. . .
# ~ . #.#..##
.. #####
#####§@#
##...#°## ##
# .##X### . .
.......###.##
. #.. ....
###..# #.#
#####...# ~.
##X # # #..
X..#
....#.#..#


You could see a starcursed mass (inner flame).

Vanquished Creatures
  Sigmund (D:2)
  3 adders (D:2)
  2 worms (D:2)
  3 dart slugs
  2 bats
  2 endoplasms (D:1)
  A goblin (D:2)
  3 hobgoblins (D:1)
  3 jackals (D:2)
  5 kobolds (D:2)
  A ball python (D:2)
  A frilled lizard (D:1)
  6 rats
33 creatures vanquished.

Notes
Turn   | Place    | Note
-------+----------+-------------------------------------------
     0 | D:1      | Anon1729 the Mummy Monk began the quest for the Orb.
     0 | D:1      | Reached XP level 1. HP: 18/18 MP: 1/1
   119 | D:1      | Reached XP level 2. HP: 23/24 MP: 2/2
   643 | D:2      | Gained mutation: You are in touch with the powers of death.
                  | [Mummy growth]
   643 | D:2      | Reached XP level 3. HP: 29/29 MP: 3/3
   910 | D:2      | Noticed Sigmund
   912 | D:2      | Reached XP level 4. HP: 16/35 MP: 4/4
  1045 | D:2      | Killed Sigmund
  1046 | D:2      | Reached skill level 4 in Fighting
  1046 | D:2      | Reached XP level 5. HP: 32/42 MP: 0/5
  1294 | D:2      | Identified the +11 short sword "Amagosul" {vamp, rC+}
  1322 | Abyss:1  | Cast into level 1 of the Abyss (unwielding a weapon of
                  | distortion)
  1373 | Abyss:1  | Noticed a lich
  1373 | Abyss:1  | Noticed a starcursed mass
  1393 | Abyss:1  | Killed by an exploding butterfly... ignited by their inner
                  | flame

Illustrated notes

Levels and vault maps discovered:
D:1:      dpeg_arrival_refuge, layout_basic, minmay_cupped
D:2:      layout_loops_ring, nrook_campfire, uniq_sigmund
Abyss:1:  base:
D:2

Skill      XL: |  1  2  3  4 |
---------------+-------------+-----
Stealth        | 2 3 |  3.0
Fighting       | 4 |  4.1
Short Blades   | 3 |  3.4
Dodging        | 3 |  3.4

Action                   |  1- 3 |  4- 6 || total
-------------------------+-------+-------++-------
Melee: Short sword       |    32 |     3 ||    35
       Punch             |     2 |       ||     2
       Dagger            |    40 |    18 ||    58
  Use: Scroll            |     1 |     4 ||     5
 Stab: Sleeping          |     7 |       ||     7
       Distracted        |     1 |       ||     1
Armor: Robe              |     4 |     1 ||     5
Dodge: Dodged            |    31 |    18 ||    49

Table legend: (Time is in decaauts)
 A = Elapsed time spent in this place.
 B = Non-inter-level travel time spent in this place.
 C = Inter-level travel time spent in this place.
 D = Time resting spent in this place.
 E = Time spent auto-exploring this place.
 F = Levels seen in this place.
 G = Mean time per level.
                   A        B        C        D        E       F      G
               +--------+--------+--------+--------+--------+-----+--------+
         Total |   1379 |   1355 |     24 |     61 |   1027 |   3 |  459.7 |
       Dungeon |   1309 |   1285 |     24 |     61 |    977 |   2 |  654.5 |
         Abyss |     69 |     69 |      0 |      0 |     50 |   1 |   69.0 |
               +--------+--------+--------+--------+--------+-----+--------+

Top non-repeatable levels by time:
     D:1: 677 daAuts
     D:2: 632 daAuts
 Abyss:1: 69 daAuts
